 Dungeon Crawl Stone Soup version 0.20.1-1-g8b1a95d (webtiles) character file.

93 Supahsalami the Charmwright (level 4, -1/34 HPs)
             Began as a Merfolk Skald on Nov 6, 2017.
             Succumbed to a kobold's poison
             ... on level 2 of the Dungeon.
             The game lasted 00:14:04 (2945 turns).

Supahsalami the Charmwright (Merfolk Skald)         Turns: 2945, Time: 00:14:05

Health: -1/34      AC:  3    Str: 12    XL:     4   Next: 61%
Magic:  7/7        EV: 10    Int: 12    God:
Gold:   110        SH:  7    Dex: 13    Spells: 2/7 levels left

rFire    . . .     SeeInvis .   a - +0 falchion
rCold    . . .     Gourm    .   f - +0 shield
rNeg     . . .     Faith    .   b - +0 leather armour
rPois    .         Spirit   .   (no helmet)
rElec    .         Reflect  .   (no cloak)
rCorr    .         Harm     .   (no gloves)
MR       +....                  (no boots)
Stlth    +.........             (no amulet)
Regen    0.2/turn               l - ring of protection from magic
MPRegen  0.1/turn               (no ring)

@: lethally poisoned (-1 -> -28)
A: change form in water, swift swim, stealthy swim
a: no special abilities


You were on level 2 of the Dungeon.
You were not hungry.

You visited 1 branch of the dungeon, and saw 2 of its levels.

You collected 110 gold pieces.

Inventory:

Hand Weapons
 a - a +0 falchion (weapon)
Missiles
 i - 53 stones (quivered)
Armour
 b - a +0 leather armour (worn)
 f - a +0 shield (worn)
 r - a +0 plate armour
Jewellery
 l - a ring of protection from magic (left hand)
Scrolls
 e - 2 scrolls of amnesia {unknown}
 g - a scroll of fear {unknown}
 m - 3 scrolls of identify {unknown}
 n - a scroll of magic mapping {unknown}
Potions
 h - a potion of degeneration {unknown}
 j - a potion of agility {unknown}
 o - 2 potions of heal wounds {unknown}
 p - a potion of flight {unknown}
Books
 c - a book of Battle

   Spells                             Type                      Level
   a - Infusion                       Charms                       1
   b - Shroud of Golubria             Charms/Translocation         2
   c - Song of Slaying                Charms                       2
   d - Spectral Weapon                Hexes/Charms                 3
   e - Regeneration                   Charms/Necromancy            3
Comestibles
 d - 2 bread rations
 k - a royal jelly
 q - 3 chunks of flesh
 s - a meat ration


   Skills:
 + Level 2.5 Fighting
 + Level 3.2 Long Blades
 + Level 1.3 Armour
 + Level 3.4 Dodging
 + Level 1.0 Stealth
 + Level 0.6 Shields
 + Level 2.1 Spellcasting
 + Level 3.5 Charms


You had 2 spell levels left.
You knew the following spells:

 Your Spells              Type           Power        Failure   Level  Hunger
a - Infusion              Chrm           #...         45%         1    ##.....
b - Song of Slaying       Chrm           #.......     61%         2    ###....
c - Shroud of Golubria    Chrm/Tloc      #.........   86%         2    ###....


Dungeon Overview and Level Annotations

Branches:
Dungeon (2/15)

Altars:
Dithmenos

Annotations:
D:2 Robin


Message History

You barely miss the kobold.
You feel sick. You block the kobold's attack.
You hit the kobold but do no damage.
You feel sick.
The kobold hits you with a whip of venom.
You are lethally poisoned!
You block the kobold's attack.
You completely miss the kobold.
You feel sick.
The kobold hits you with a whip of venom.
* * * LOW HITPOINT WARNING * * *
You feel sick.
You closely miss the kobold.
* * * LOW HITPOINT WARNING * * *
You feel sick.
The kobold hits you with a whip of venom.
* * * LOW HITPOINT WARNING * * *
You are more poisoned.
You hit the kobold.
You kill the kobold!
* * * LOW HITPOINT WARNING * * *
You feel very sick.
You die...

#. #......... # .
#..#.............. #..
#...<............
###.#....#..............
....................g..
#.#.##................ ###..#
#....####........ #.. .....## #
#(..((###........###(.
......#.#..(..♣.@........##....(.
........##(..♣_♣..........###....
........##....♣......#.#.......##
........##................##...)#
........###...............#..#..#
.<........................#.##...
).......#.#....(..#.........##...
.........................#.......
.......#.......<..)...#.###......


There were no monsters in sight!

Vanquished Creatures
  An adder (D:2)
  4 dart slugs (D:1)
  2 leopard geckos
  4 bats (D:1)
  2 giant cockroaches
  15 goblins
  8 hobgoblins (D:1)
  10 jackals (D:1)
  7 kobolds
  A quokka (D:2)
  4 frilled lizards
  8 rats
66 creatures vanquished.

Notes
Turn   | Place    | Note
-------+----------+-------------------------------------------
     0 | D:1      | Supahsalami the Merfolk Skald began the quest for the Orb.
     0 | D:1      | Reached XP level 1. HP: 16/16 MP: 3/3
   570 | D:1      | Reached XP level 2. HP: 16/23 MP: 5/5
   810 | D:1      | Learned a level 2 spell: Song of Slaying
   813 | D:1      | Learned a level 2 spell: Shroud of Golubria
   830 | D:1      | Reached skill level 1 in Armour
   865 | D:2      | Found a faded altar of an unknown god.
  1021 | D:1      | Reached XP level 3. HP: 19/28 MP: 6/6
  1405 | D:2      | Noticed Robin
  1424 | D:1      | HP: 1/28 [hobgoblin/club[Robin] (3)]
  2226 | D:1      | Reached XP level 4. HP: 20/34 MP: 7/7
  2467 | D:1      | Reached skill level 1 in Stealth
  2831 | D:2      | Found a shadowy altar of Dithmenos.
  2944 | D:2      | HP: 1/34 [poisoned by a kobold]
  2945 | D:2      | Succumbed to a kobold's poison

Skill      XL: |  1  2  3  4 |
---------------+-------------+-----
Armour         | 1 |  1.3
Dodging        | 3 |  3.4
Stealth        | 1 |  1.0
Long Blades    | 3 |  3.2
Fighting       | |  2.5
Shields        | |  0.6
Spellcasting   | |  2.1
Charms         | |  3.5

Action                   |  1- 3 |  4- 6 || total
-------------------------+-------+-------++-------
Melee: Falchion          |   144 |    77 ||   221
Throw: Stone             |       |    14 ||    14
 Cast: Infusion          |     3 |     1 ||     4
 Stab: Sleeping          |     1 |       ||     1
  Eat: Chunk             |     4 |     3 ||     7
Armor: Leather armour    |    39 |    15 ||    54
Dodge: Dodged            |    73 |    33 ||   106
Block: Shield            |    64 |    23 ||    87
       Rpst.: Falchion   |    38 |     5 ||    43
